 Dungeon Crawl Stone Soup version 0.27-a0-1065-ge809cff456 (webtiles) character file.

Game seed: 12980881475238792365

21 Mgcat the Magician (level 2, -2/21 HPs)
             Began as a Djinni Fire Elementalist on Apr 22, 2021.
             Slain by an adder (4 damage)
             ... on level 2 of the Dungeon.
             The game lasted 00:01:23 (449 turns).

Mgcat the Magician (Djinni Fire Elementalist)        Turns: 449, Time: 00:01:23

Health: -2/21      AC:  2    Str:  7    XL:     2   Next: 83%
Gold:   90         EV: 12    Int: 16    God:
                   SH:  0    Dex: 13

rFire    + + .     SeeInvis .   h - +1 dagger (vamp) {!w}
rCold    x . .     Faith    .   (no shield)
rNeg     . . .     Spirit   .   a - +0 robe
rPois    ∞         Reflect  .   (no helmet)
rElec    .         Harm     .   (no cloak)
rCorr    .         Rampage  .   (no gloves)
Will     .....                  (boots unavailable)
Stlth    ++........             (no amulet)
HPRegen  0.07/turn              (no ring)
MPRegen  0.00/turn              (no ring)

@: flying
A: fire resistance 2, cold vulnerability 1, float, innate caster, hp casting,
extra vitality 1
a: no special abilities


You were on level 2 of the Dungeon.
You visited 1 branch of the dungeon, and saw 2 of its levels.

You collected 90 gold pieces.

Inventory:

Hand Weapons
 h - a +1 vampiric dagger (weapon) {!w}
   (You took it off a kobold on level 2 of the Dungeon)
Armour
 a - a +0 robe (worn)
Scrolls
 e - a scroll of immolation {unknown}
 g - a scroll of vulnerability {unknown}
Potions
 b - 2 potions of lignification {unknown}
 d - a potion of attraction {unknown}


   Skills:
 - Level 2.1 Dodging
 - Level 1.5 Stealth
 + Level 3.4 Spellcasting


You couldn't memorise any spells.
You knew the following spells:

 Your Spells              Type           Power      Damage    Failure   Level
a - Foxfire               Conj/Fire      52%        2x1d6     4%          1
b - Conjure Flame         Conj/Fire      13%        6-21      13%         3
c - Inner Flame           Hex/Fire       13%        N/A       13%         3
d - Sticky Flame          Conj/Fire      13%        2d4       38%         4
e - Fireball              Conj/Fire      6%         3d5       75%         5
Your spell library was empty.

Dungeon Overview and Level Annotations

Branches:
Dungeon (2/15)

Altars:
Uskayaw


Innate Abilities, Weirdness & Mutations

You are immune to poison.
Your flesh is very heat resistant. (rF++)
You are vulnerable to cold. (rC-)
You float through the air rather than walking.
You learn spells naturally, not from books.
Your magical power is your life essence.
You have superior vitality. (+4 HP)


Message History

The foxfire hits the quokka.
You kill the quokka!
You take 1 damage, and have 18/21 hp.
b - 2 purple potions (gained 1)
You see here a ball python corpse.
You see here a quokka corpse.
Found a hide-covered altar of Uskayaw.
You now have 85 gold pieces (gained 12).
You see here a ball python corpse.
Found a stone staircase leading up.
You now have 90 gold pieces (gained 5).
HP restored.
Found a stone staircase leading down.
Health restored: 21 You see here a +1 vampiric dagger {!w}.
h - a +1 vampiric dagger {!w} Really wield
h - a +1 vampiric dagger {!w}? [Y]es or [N]o only, please.
Really wield
h - a +1 vampiric dagger {!w}?
You feel a sense of dread.
h - a +1 vampiric dagger (weapon)
{!w} Drop what? 8/52 slots (_ for help) (? for menu, Esc to quit)
You drop a +0 war axe.
You drop a +0 club.
You see here a goblin corpse.
You reach down and open the door.
There is an open door here.
You reach down and open the door.
There is an open door here.
You reach down and open the large door.
There is a large open door here.
An adder comes into view. x2
There is a large open door here.
Casting: Foxfire (safe; 4% risk of failure)
Confirm with . or Enter, or press ? or * to list all spells.
You miscast Foxfire.
You are very lightly contaminated with residual magic.
Nothing appears to happen.
The adder hisses angrily.
You take 1 damage, and have 20/21 hp.
Casting: Foxfire (safe; 4% risk of failure)
Confirm with . or Enter, or press ? or * to list all spells.
You conjure some foxfire!
The foxfire hits the adder.
The adder is lightly wounded.
The adder barely misses you.
Casting: Foxfire (safe; 4% risk of failure)
Confirm with . or Enter, or press ? or * to list all spells.
You conjure some foxfire!
The foxfire hits the adder.
The adder is heavily wounded.
The adder closely misses you.
The foxfire hits the adder.
The adder is heavily wounded.
The adder closely misses you. The adder bites you. x2
You take 4 damage, and have 16/21 hp.
Your foxfire dissipates!
There is a large open door here.
Casting: Foxfire (safe; 4% risk of failure)
Confirm with . or Enter, or press ? or * to list all spells.
You conjure some foxfire!
The adder barely misses you. The adder closely misses you.
Your magical contamination has completely faded away.
The adder bites you.
You take 3 damage, and have 13/21 hp.
Your foxfire dissipates!
The foxfire hits the adder but does no damage.
The adder is heavily wounded.
You barely miss the adder.
The adder is heavily wounded.
The adder closely misses you. The adder barely misses you.
You closely miss the adder.
The adder is heavily wounded.
The adder bites you.
You take 4 damage, and have 9/21 hp.
The adder bites you.
* * * LOW HITPOINT WARNING * * *
You take 3 damage, and have 6/21 hp.
The adder barely misses you.
There is an open door here.
Casting: Foxfire (safe; 4% risk of failure)
Confirm with . or Enter, or press ? or * to list all spells.
You conjure some foxfire!
* * * LOW HITPOINT WARNING * * *
The adder bites you.
* * * LOW HITPOINT WARNING * * *
The foxfire hits the adder.
The adder is severely wounded.
The foxfire hits the adder.
You kill the adder!
The adder bites you.
* * * LOW HITPOINT WARNING * * *
You take 5 damage, and have 1/21 hp.
MASSIVE DAMAGE!!
Unknown command.
You hit the adder.
You feel better.
The adder is lightly wounded.
The adder closely misses you.
Unknown command.
Unknown command.
You barely miss the adder.
The adder is lightly wounded.
The adder bites you.
You die...

#.'.....# .. #.
###.....# . ###.
###.....# ####...
##....#### ......
#......# #....
######......# #....
#....#......#
#....##....#......#
#....''....S@.....#
##...##....#......#
#### #....#......#
#.(..#......#
#############


You could see an adder.

Vanquished Creatures
  An adder (D:2)
  An endoplasm (D:1)
  A goblin (D:2)
  3 jackals (D:1)
  A kobold (D:2)
  A quokka (D:2)
  A ball python (D:2)
  A bat (D:1)
  A rat (D:1)
11 creatures vanquished.

Vanquished Creatures (others)
  27 foxfires
27 creatures vanquished.

Grand Total: 38 creatures vanquished

Notes
Turn   | Place    | Note
-------+----------+-------------------------------------------
     0 | D:1      | Mgcat the Djinni Fire Elementalist began the quest for the
                  | Orb.
     0 | D:1      | Reached XP level 1. HP: 15/15 MP: 0/0
   168 | D:1      | Reached skill level 3 in Spellcasting
   170 | D:1      | Reached XP level 2. HP: 14/21 MP: 0/0
   282 | D:1      | Found a faded altar of an unknown god.
   304 | D:1      | You are sucked into a shaft and drop 1 floor!
   348 | D:2      | Found a hide-covered altar of Uskayaw.
   446 | D:2      | HP: 4/21 [adder (2)]
   447 | D:2      | HP: 1/21 [adder (3)]
   449 | D:2      | Slain by an adder

Illustrated notes

Levels and vault maps discovered:
D:1:      minmay_arrival_shattered_statue, layout_basic,
          shapermc_ecumenical_altar_mp_vishouse, serial_glass, glass_columns_a,
          glass_columns_a, glass_columns_b, glass_columns_c, glass_columns_b,
          glass_columns_b, glass_columns_b, glass_columns_c
D:2:      layout_basic, basic_altar

Skill      XL: |  1 |
---------------+----+-----
Spellcasting   | 3 |  3.4
Dodging        | |  2.1
Stealth        | |  1.5

Action                   || total
-------------------------++-------
Melee: Dagger            ||     4
 Cast: Foxfire           ||    16
Dodge: Dodged            ||     9

Table legend: (Time is in decaauts)
 A = Elapsed time spent in this place.
 B = Non-inter-level travel time spent in this place.
 C = Inter-level travel time spent in this place.
 D = Time resting spent in this place.
 E = Time spent auto-exploring this place.
 F = Levels seen in this place.
 G = Mean time per level.
                   A        B        C        D        E       F      G
               +--------+--------+--------+--------+--------+-----+--------+
         Total |    448 |    428 |     20 |      0 |    365 |   2 |  224.0 |
       Dungeon |    448 |    428 |     20 |      0 |    365 |   2 |  224.0 |
               +--------+--------+--------+--------+--------+-----+--------+

Top non-repeatable levels by time:
     D:1: 304 daAuts
     D:2: 144 daAuts

Table legend:
 A = Kills in this place as a percentage of kills in entire the game.
 B = Kills by you in this place as a percentage of kills by you in the entire game.
 C = Kills by friends in this place as a percentage of kills by friends in the entire game.
 D = Other kills in this place as a percentage of other kills in the entire game.
 E = Experience gained in this place as a percentage of experience gained in the entire game.
 F = Experience gained in this place divided by the number of levels of this place that you have seen.
                   A       B       C       D       E      F
               +-------+-------+-------+-------+-------+----------------------
         Total | 100.0 | 100.0 |   N/A |   N/A | 100.0 |  15.0
       Dungeon | 100.0 | 100.0 |   N/A |   N/A | 100.0 |  15.0
               +-------+-------+-------+-------+-------+----------------------
